 Dungeon Crawl Stone Soup version 0.25-a0-246-g58704a1ebd (webtiles) character file.

Game seed: 12511375138589273468, levelgen mode: deterministic

30 floatRand the Chopper (level 3, -5/29 HPs)
             Began as a Demonspawn Monk on Dec 3, 2019.
             Slain by a worm (7 damage)
             ... on level 1 of the Dungeon.
             The game lasted 00:00:57 (1108 turns).

floatRand the Chopper (Demonspawn Monk)             Turns: 1108, Time: 00:00:57

Health: -5/29      AC:  2    Str: 12    XL:     3   Next: 3%
Magic:  3/3        EV: 13    Int: 11    God:
Gold:   21         SH:  0    Dex: 15    Spells: 2/2 levels left

rFire    . . .     SeeInvis .   a - +0 hand axe
rCold    . . .     Gourm    .   (no shield)
rNeg     . . .     Faith    .   b - +0 robe
rPois    .         Spirit   .   (no helmet)
rElec    .         Reflect  .   (no cloak)
rCorr    .         Harm     .   (no gloves)
MR       .....                  (no boots)
Stlth    ++........             (no amulet)
HPRegen  0.09/turn              (no ring)
MPRegen  0.08/turn              (no ring)

@: lethally poisoned (-5 -> -12)
A: claws 1, powered by pain 1
a: no special abilities


You were on level 1 of the Dungeon.
You were hungry.

You visited 1 branch of the dungeon, and saw 2 of its levels.

You collected 21 gold pieces.

Inventory:

Hand Weapons
 a - a +0 hand axe (weapon)
Armour
 b - a +0 robe (worn)
Scrolls
 d - a scroll of teleportation {unknown}
 e - a scroll of enchant weapon {unknown}
 f - a scroll of noise {unknown}
 g - 2 scrolls of identify {unknown}
 h - a scroll of remove curse {unknown}
Potions
 j - a potion of curing {unknown}
Comestibles
 c - a ration


   Skills:
 - Level 3.0 Fighting
 * Level 3.5 Axes
 + Level 1.1 Armour
 - Level 2.6 Dodging
 - Level 1.7 Stealth


You had 2 spell levels left.
You didn't know any spells.
Your spell library was empty.

Dungeon Overview and Level Annotations

Branches:
Dungeon (2/15)

Altars:


Innate Abilities, Weirdness & Mutations

You have sharp fingernails.
You sometimes gain a little power by taking damage.


Message History

The adder bites you.
* * * LOW HITPOINT WARNING * * *
You are lethally poisoned!
The adder poisons you!
You miss the adder. You hit the worm.
* * * LOW HITPOINT WARNING * * *
You feel sick. The adder bites you.
* * * LOW HITPOINT WARNING * * *
The worm misses you.
You miss the adder. You hit the worm.
* * * LOW HITPOINT WARNING * * *
You feel sick. The adder closely misses you. The adder bites you.
* * * LOW HITPOINT WARNING * * *
Unknown command.
You hit the adder.
The adder is moderately wounded.
You barely miss the worm.
* * * LOW HITPOINT WARNING * * *
You feel sick. The adder barely misses you. The worm bites you!
You die...

#....# #.###.# ## ##.#.#
#..##.# ##.#.# ##.##.#
...#.# #.##.# #######
##.#.# #.##.# #......
##.#.########.##.# #.#####
##.#..........##.# #.#
##.##########.##S# #.# ##.#
#.##@##########.##### ...#
#.##w#............... ####
#######.##..).......###....
# #.......####.......##
##... #######.#.#.#.#
#.......# #...
..............# #.......##
##... #######.#.#.###
#........###.... #.....#
#............... ###.###
#..###.........#


You could see a worm and an adder.

Vanquished Creatures
  2 leopard geckos (D:1)
  5 goblins (D:1)
  3 hobgoblins (D:1)
  3 jackals (D:1)
  4 kobolds (D:1)
  2 ball pythons (D:1)
  3 bats (D:1)
  A frilled lizard (D:1)
  2 rats (D:1)
25 creatures vanquished.

Notes
Turn   | Place    | Note
-------+----------+-------------------------------------------
     0 | D:1      | floatRand the Demonspawn Monk began the quest for the Orb.
     0 | D:1      | Reached XP level 1. HP: 18/18 MP: 1/1
   254 | D:1      | Gained mutation: You sometimes gain a little power by
                  | taking damage. [demonic ancestry]
   254 | D:1      | Reached XP level 2. HP: 21/24 MP: 2/2
   575 | D:1      | Reached skill level 1 in Armour
  1003 | D:1      | Gained mutation: You have sharp fingernails. [demonic
                  | ancestry]
  1003 | D:1      | Reached XP level 3. HP: 29/29 MP: 3/3
  1108 | D:1      | Slain by a worm

Levels and vault maps discovered:
D:1:      minmay_arrival_four_circles, layout_loops_ring
D:2:      layout_rooms, ashenzari_altar_1

Skill      XL: |  1  2 |
---------------+-------+-----
Axes           | 3 |  3.5
Armour         | 1 |  1.1
Fighting       | |  3.0
Dodging        | |  2.6
Stealth        | |  1.7

Action                   || total
-------------------------++-------
Melee: Hand axe          ||    75
Armor: Robe              ||    18
Dodge: Dodged            ||   101

Table legend:
 A = Non-vault XP
 B = Vault XP
 C = Vault XP percentage of total XP
 D = Non-vault monster count
 E = Vault monster count
 F = Vault count percentage of total count
                 A         B        C        D         E       F
            +---------+---------+-------+---------+---------+-------
      Total |      43 |       0 |   0.0 |      25 |       0 |   0.0
            +---------+---------+-------+---------+---------+-------
        D:1 |      43 |       0 |   0.0 |      25 |       0 |   0.0
            +---------+---------+-------+---------+---------+-------
